 Dungeon Crawl Stone Soup version 0.27-a0-242-ge0fc76b88b (webtiles) character file.

Game seed: 11097633401119031019

2116 Borgoz the Slasher (level 9, -2/75 HPs)
             Began as a Ghoul Gladiator on Feb 2, 2021.
             Was a Believer of Ashenzari.
             Killed from afar by a gargoyle (21 damage)
             ... with a stone arrow
             ... on level 8 of the Dungeon.
             The game lasted 00:09:22 (7484 turns).

Borgoz the Slasher (Ghoul Gladiator)                Turns: 7484, Time: 00:09:22

Health: -2/75      AC: 20    Str: 18    XL:     9   Next: 29%
Magic:  0/8        EV:  4    Int:  3    God:    Ashenzari [**....]
Gold:   465        SH:  0    Dex: 13    Spells: 8/8 levels left

rFire    . . .     SeeInvis .   l - +2 falchion (elec)
rCold    + . .     Faith    .   (no shield)
rNeg     + + +     Spirit   +   x - +0 crystal plate armour
rPois    ∞         Reflect  .   c - +0 helmet
rElec    .         Harm     .   (no cloak)
rCorr    .         Rampage  .   f - +0 pair of gloves
Will     .....                  (no boots)
Stlth    ..........             i - amulet of guardian spirit
HPRegen  0.00/turn              (no ring)
MPRegen  0.11/turn              (no ring)

@: mighty, hasted, very quick
A: claws 1, cold resistance 1, negative energy resistance 3, inhibited
regeneration, torment resistance, unbreathing
a: Renounce Religion, Curse Item, Scrying


You were on level 8 of the Dungeon.
You worshipped Ashenzari.
Ashenzari was pleased with you.
You visited 1 branch of the dungeon, and saw 8 of its levels.

You collected 465 gold pieces.

Inventory:

Hand Weapons
 l - a +2 falchion of electrocution (weapon)
Armour
 c - a +0 helmet (worn)
 f - a +0 pair of gloves (worn)
 x - a +0 crystal plate armour (worn)
Jewellery
 i - an amulet of guardian spirit (around neck)
Wands
 d - a wand of mindburst (10)
 p - a wand of digging (4)
 u - a wand of flame (10)
Scrolls
 b - a scroll of summoning {unknown}
 e - 4 scrolls of teleportation
 g - 3 scrolls of noise {unknown}
 h - 2 scrolls of fog {unknown}
 j - 2 scrolls of magic mapping {unknown}
 k - 14 scrolls of identify {unknown}
 r - 3 scrolls of fear {unknown}
 s - 6 scrolls of remove curse
Potions
 a - a potion of mutation {unknown}
 m - a potion of haste
 n - a potion of invisibility {unknown}
 o - a potion of berserk rage {unknown}
 q - a potion of curing
 t - 2 potions of degeneration {unknown}
 w - 2 potions of might


   Skills:
 + Level 5.7 Fighting
 * Level 6.9 Long Blades
 - Level 1.7 Throwing
 * Level 6.2 Armour
 + Level 5.1 Dodging


You had 8 spell levels left.
You didn't know any spells.
Your spell library was empty.

Dungeon Overview and Level Annotations

Branches:
Dungeon (8/15)             Temple (0/1) D:6
   Lair: D:8-11

Altars:
Ashenzari
Dithmenos
Elyvilon
Fedhas
Gozag
Nemelex Xobeh
Ru
Vehumet

Shops:
D:7 =


Innate Abilities, Weirdness & Mutations

You thrive by killing the living.
You are immune to poison.
You have sharp fingernails.
Your flesh is cold resistant. (rC+)
You are immune to negative energy. (rN+++)
You do not regenerate when monsters are visible.
You are immune to unholy pain and torment.
You can survive without breathing.


Message History

The gargoyle is heavily damaged.
The gargoyle hits you but does no damage.
You barely miss the gargoyle.
The gargoyle is heavily damaged.
The gargoyle hurls a stone arrow at you.
The stone arrow hits you!!
* * * LOW HITPOINT WARNING * * *
You hit the gargoyle.
The gargoyle is heavily damaged.
The gargoyle hits you but does no damage.
It was a potion of curing.
You feel better. The gargoyle completely misses you.
You feel better.
It was a potion of haste.
You feel yourself speed up.
The gargoyle hurls a stone arrow at you.
The stone arrow hits you!
* * * LOW HITPOINT WARNING * * *
You feel better.
The gargoyle hurls a stone arrow at you.
The stone arrow hits you!!
You die...

, ,,,, ,, , ** ###.
######, * * . , ....
....,
##.,###.#####.### * ,
....#.....#.....#, ,
, ,,
#...#...#.#.#†#.#, **
#...........#.# ..* *
, #(..#.#...#.#.#,*.#
, ,#...#.....#)#@#,
.., , #...###.#####9#
*.#
####...##...#*,#5z=#
*# .......####.#
ZZ):# , *
####....#..## ..#....
, #.#.#..#..#==
..#.#* *
#.#.####..#).,#.#...,
* *#.#.# ##### ## #.#
, #<#.# , , * .#


You could see a gargoyle, a wight, a white imp, a bullfrog zombie and a howler
monkey skeleton.

Vanquished Creatures
  A water moccasin (D:6)
  An orc warrior (D:8)
  A black bear (D:6)
  3 ice beasts
  5 ogres
  A centaur (D:8)
  2 bullfrogs
  3 scorpions (D:5)
  A bullfrog zombie (D:7)
  3 hounds
  2 orc priests
  5 orc wizards
  3 iguanas
  A worker ant (D:7)
  A hound zombie (D:5)
  A hound skeleton (D:6)
  Robin (D:2)
  13 adders
  A shadow imp (D:7)
  A white imp (D:7)
  An ufetubus (D:6)
  An ooze (D:6)
  5 worms
  5 dart slugs
  5 leopard geckos
  15 orcs
  8 bats
  7 giant cockroaches
  15 goblins
  12 hobgoblins
  18 jackals
  11 kobolds
  6 quokkas
  A ball python (D:5)
  8 frilled lizards
  A leopard gecko skeleton (D:6)
  A quokka skeleton (D:5)
  8 rats
178 creatures vanquished.

Notes
Turn   | Place    | Note
-------+----------+-------------------------------------------
     0 | D:1      | Borgoz the Ghoul Gladiator began the quest for the Orb.
     0 | D:1      | Reached XP level 1. HP: 17/17 MP: 0/0
   101 | D:1      | Reached XP level 2. HP: 16/25 MP: 1/1
   379 | D:1      | Reached skill level 1 in Armour
   583 | D:1      | Reached XP level 3. HP: 30/30 MP: 2/2
  1201 | D:2      | Reached XP level 4. HP: 28/37 MP: 1/3
  1212 | D:2      | HP: 1/37 [worm (7)]
  1594 | D:2      | Noticed Robin
  1618 | D:2      | Killed Robin
  1764 | D:2      | Reached XP level 5. HP: 44/45 MP: 2/4
  2515 | D:3      | Found a broken altar of Ashenzari.
  2530 | D:3      | Became a worshipper of Ashenzari the Shackled
  2906 | D:3      | Found a radiant altar of Vehumet.
  3577 | D:4      | Noticed an ogre
  3587 | D:4      | Reached XP level 6. HP: 42/51 MP: 3/5
  3892 | D:4      | Found a sparkling altar of Nemelex Xobeh.
  3909 | D:4      | Reached * piety under Ashenzari
  3949 | D:4      | Found a white marble altar of Elyvilon.
  3952 | D:4      | Found an opulent altar of Gozag.
  3952 | D:4      | Found a blossoming altar of Fedhas.
  4624 | D:5      | Entered Level 5 of the Dungeon
  4744 | D:5      | Reached XP level 7. HP: 48/58 MP: 6/6
  5148 | D:5      | Reached skill level 5 in Long Blades
  5437 | D:5      | Reached XP level 8. HP: 41/67 MP: 3/7
  5746 | D:6      | Reached ** piety under Ashenzari
  6036 | D:6      | Reached skill level 5 in Armour
  6224 | D:6      | Reached skill level 5 in Fighting
  6618 | D:6      | Found a staircase to the Ecumenical Temple.
  6822 | D:7      | Reached XP level 9. HP: 59/74 MP: 6/8
  7059 | D:7      | Found a shadowy altar of Dithmenos.
  7100 | D:7      | Found a broken altar of Ashenzari.
  7126 | D:7      | Reached skill level 5 in Dodging
  7290 | D:7      | Found Qaxawk's Jewellery Boutique.
  7392 | D:7      | Found a sacrificial altar of Ru.
  7444 | D:8      | Noticed a gargoyle
  7447 | D:8      | Identified the ring of Knowledge {rF+ rC+ rN+}
  7484 | D:8      | Killed from afar by a gargoyle

Illustrated notes

Levels and vault maps discovered:
D:1:      mrwooster_arrival_statue_2, layout_loops_corners
D:2:      minmay_recursive_quarters, layout_basic, uniq_robin
D:3:      layout_loops_corners, cheibrodos_ashenzari_chains,
          lemuel_coloured_pillars_altar, minmay_mini_jars
D:4:      layout_loops_corners, grunt_temple_overflow_open, serial_glass,
          glass_columns_c, glass_columns_c
D:5:      layout_gridville
D:6:      layout_cave_pools, minmay_temple_entry_trees, serial_rivers,
          chequers_serial_rivers_small_3, chequers_serial_rivers_micro_a,
          chequers_serial_rivers_large_a, chequers_serial_rivers_micro_d,
          hangedman_decor_slide_cut
D:7:      layout_cave_pools, nicolae_ru_the_path_less_chosen, basic_altar,
          serial_shops, kennysheep_mini, nicolae_dithmenos_shadow_blocks
D:8:      minmay_the_grid_square_5x5_3x3
          [minmay_the_grid_square_5x5_two_walls_a,
          minmay_the_grid_square_5x5_three, minmay_the_grid_square_5x5_bite,
          minmay_the_grid_square_5x5_tetrominoes,
          minmay_the_grid_square_5x5_megaprize_crossed,
          minmay_the_grid_square_5x5_longway,
          minmay_the_grid_square_5x5_moneybag,
          minmay_the_grid_square_5x5_pentomino_r,
          minmay_the_grid_square_5x5_six], layout_basic

Skill      XL: |  1  2  3  4  5  6  7  8  9 |
---------------+----------------------------+-----
Armour         | 1 2 3 4 5 6 |  6.2
Long Blades    | 3 4 5 6 |  6.9
Dodging        | 3 4 5 |  5.1
Fighting       | 3 4 5 |  5.7
Throwing       | |  1.7

Action                   |  1- 3 |  4- 6 |  7- 9 || total
-------------------------+-------+-------+-------++-------
Melee: Long sword        |    90 |   253 |    39 ||   382
       Dagger            |       |       |   522 ||   522
       Falchion          |       |       |    47 ||    47
Throw: Throwing net      |       |     2 |     2 ||     4
  Use: Potion            |     1 |     2 |     6 ||     9
       Scroll            |     1 |     1 |       ||     2
Armor: Leather armour    |    15 |       |       ||    15
       Ring mail         |    27 |    83 |       ||   110
       Crystal plate arm |       |    13 |   621 ||   634
Dodge: Dodged            |    87 |   182 |   102 ||   371
       Rpst.: Long sword |    37 |    63 |     6 ||   106
       Falchion          |       |       |     1 ||     1

Table legend: (Time is in decaauts)
 A = Elapsed time spent in this place.
 B = Non-inter-level travel time spent in this place.
 C = Inter-level travel time spent in this place.
 D = Time resting spent in this place.
 E = Time spent auto-exploring this place.
 F = Levels seen in this place.
 G = Mean time per level.
                   A        B        C        D        E       F      G
               +--------+--------+--------+--------+--------+-----+--------+
         Total |   7338 |   7128 |    210 |    589 |   5167 |   8 |  917.2 |
       Dungeon |   7338 |   7128 |    210 |    589 |   5167 |   8 |  917.2 |
               +--------+--------+--------+--------+--------+-----+--------+

Top non-repeatable levels by time:
     D:2: 1399 daAuts
     D:5: 1271 daAuts
     D:1: 1148 daAuts
     D:3: 1082 daAuts
     D:4: 1066 daAuts
     D:6: 698 daAuts
     D:7: 605 daAuts
     D:8: 66 daAuts
